 Dungeon Crawl Stone Soup version 0.26-a0-854-gdc81c2f471 (webtiles) character file.

Game seed: 5077445687312945181

1 Descartes the Sneak (level 1, -1/10 HPs)
             Began as a Felid Delver on Nov 22, 2020.
             Slain by a hound (4 damage)
             ... on level 5 of the Dungeon.
             The game lasted 00:00:20 (202 turns).

Descartes the Sneak (Felid Delver)                   Turns: 202, Time: 00:00:21

Health: -1/10      AC:  1    Str:  8    XL:     1   Next: 16%
Magic:  2/2        EV: 18    Int: 11    God:
Gold:   25         SH:  0    Dex: 17    Spells: 0/0 levels left
                                        Lives:  0   Deaths: 0

rFire    . . .     SeeInvis +     - Unarmed
rCold    . . .     Faith    .   (shield unavailable)
rNeg     . . .     Spirit   .   (armour unavailable)
rPois    .         Reflect  .   (helmet unavailable)
rElec    .         Harm     .   (cloak unavailable)
rCorr    .         Rampage  .   (gloves unavailable)
MR       .....                  (boots unavailable)
Stlth    ++++......             (no amulet)
HPRegen  0.03/turn              (no ring)
MPRegen  0.08/turn              (no ring)

@: quick
A: very small, no armour, no weapons or thrown items, stealth, claws 1, fangs 3,
see invisible, speed 1, shaggy fur 1, sharp paws
a: no special abilities


You were on level 5 of the Dungeon.
You visited 1 branch of the dungeon, and saw 1 of its levels.

You collected 25 gold pieces.

Inventory:

Wands
 e - a wand of digging (3)
Scrolls
 a - a scroll of fog
 b - a scroll of magic mapping
 c - a scroll of fear
Potions
 d - a potion of haste
 f - a potion of might {unknown}
 g - a potion of curing {unknown}
 h - a potion of attraction {unknown}


   Skills:
 - Level 3.0 Fighting
 + Level 2.7 Dodging
 * Level 6.6 Stealth
 + Level 2.0 Unarmed Combat


You couldn't memorise any spells.
You didn't know any spells.
Your spell library was empty.

Dungeon Overview and Level Annotations

Branches:
Dungeon (5/15)             Temple (0/1) D:5

Altars:
Kikubaaqudgha


Innate Abilities, Weirdness & Mutations

You cannot wear armour.
You are incapable of wielding weapons or throwing items.
Your paws allow you to move quietly. (Stealth)
You have sharp claws.
You have razor-sharp teeth.
You have supernaturally acute eyesight. (SInv)
You cover ground quickly.
You are covered in fur. (AC +1)
Your sharp claws are effective at attacking unaware monsters.


Message History

You are too injured to fight recklessly!
You are too injured to fight recklessly!
You are too injured to fight recklessly!
You are too injured to fight recklessly!
You are too injured to fight recklessly!
You are too injured to fight recklessly!
You are too injured to fight recklessly!
The hound bites you.
* * * LOW HITPOINT WARNING * * *
The adder closely misses you. The adder misses you.
The hound barely misses you. The jackal closely misses you.
The phantom blinks!
Found an orange potion.
An iguana comes into view.
You see here an orange potion.
h - an orange potion The hound closely misses you.
The hound bites you.
You die...

>..##.W.##.##.##
....#..#h##.#.#.##
..##.##S##..###.##
# # #.#.. #S##.##
##.##.# ..#.#.
#.#.## ##...#
#.... #h## ##.####
#..#.####.#
#......
##.......#.#
#>###.##
.......@hh.# #.#
#.## ####.###.###
## #.## #.# #.##
#.# #.# #.# #.#
#.# #.# #.# #.##
+l# #########...
#.........##


You could see an iguana (asleep), a hound and a jackal.

Vanquished Creatures
  A jackal (D:5)
1 creature vanquished.

Notes
Turn   | Place    | Note
-------+----------+-------------------------------------------
     0 | D:5      | Descartes the Felid Delver began the quest for the Orb.
     0 | D:5      | Reached XP level 1. HP: 10/10 MP: 2/2
    81 | D:5      | Found an ancient bone altar of Kikubaaqudgha.
   183 | D:5      | Noticed a hound
   183 | D:5      | Noticed a phantom
   185 | D:5      | Found a staircase to the Ecumenical Temple.
   199 | D:5      | Noticed an iguana
   202 | D:5      | Slain by a hound

Illustrated notes

Levels and vault maps discovered:
D:5:      layout_loops_ring, kennysheep_mini, nicolae_ru_the_path_less_chosen,
          minmay_temple_entry_slanted, serial_shops,
          nicolae_shop_window_shopping

Action                   || total
-------------------------++-------
Melee: Unarmed           ||     3
       Bite              ||     1
Dodge: Dodged            ||     9

Table legend: (Time is in decaauts)
 A = Elapsed time spent in this place.
 B = Non-inter-level travel time spent in this place.
 C = Inter-level travel time spent in this place.
 D = Time resting spent in this place.
 E = Time spent auto-exploring this place.
 F = Levels seen in this place.
 G = Mean time per level.
                   A        B        C        D        E       F      G
               +--------+--------+--------+--------+--------+-----+--------+
         Total |    163 |    163 |      0 |      0 |    141 |   1 |  163.0 |
       Dungeon |    163 |    163 |      0 |      0 |    141 |   1 |  163.0 |
               +--------+--------+--------+--------+--------+-----+--------+

Top non-repeatable levels by time:
     D:5: 163 daAuts
